 Dungeon Crawl Stone Soup version 0.30-a0-879-ga8ba668304 (webtiles) character file.

Game seed: 15276675338156343444

333 Sheero the Poker (level 6, -2/36 HPs)
             Began as a Tengu Reaver on Mar 14, 2023.
             Slain by an ice beast (8 damage)
             ... on level 5 of the Dungeon.
             The game lasted 00:19:38 (4182 turns).

Sheero the Poker (Tengu Reaver)                     Turns: 4182, Time: 00:19:38

Health: -2/36      AC:  5    Str: 14    XL:     6   Next: 52%
Magic:  10/10      EV: 14    Int: 14    God:
Gold:   319        SH:  0    Dex: 12    Spells: 8/9 levels left

rFire   . . .      SeeInvis .    a - +0 spear
rCold   . . .      Faith    .    (no shield)
rNeg    . . .      Spirit   .    b - +0 leather armour
rPois   .          Reflect  .    (helmet restricted)
rElec   .          Rampage  .    (no cloak)
rCorr   .                        k - +1 pair of gloves
Will    .....                    (boots unavailable)
Stlth   +                        (no amulet)
HPRegen 0.26/turn                (no ring)
MPRegen 0.12/turn                (no ring)

@: flying quickly and evasively, quick
A: beak, talons 3, nimble flight
a: no special abilities


You were on level 5 of the Dungeon.
You visited 1 branch of the dungeon, and saw 5 of its levels.

You collected 364 gold pieces.
You spent 45 gold pieces at shops.

Inventory:

Hand Weapons
 a - a +0 spear (weapon)
 l - a +2 whip of draining
Missiles
 d - 26 stones
Armour
 b - a +0 leather armour (worn)
 i - a +0 pair of boots
 k - a +1 pair of gloves (worn)
Jewellery
 m - a ring of magical power
Wands
 o - a wand of charming (20)
Potions
 c - 2 potions of flight {unknown}
 e - 2 potions of curing {unknown}
 f - 3 potions of heal wounds {unknown}
 g - a potion of degeneration {unknown}
 p - a potion of might {unknown}


   Skills:
 + Level 2.7 Fighting
 + Level 1.2 Maces & Flails
 + Level 5.5 Polearms
 + Level 2.8 Armour
 + Level 3.0 Dodging
 + Level 1.1 Stealth
 + Level 2.0 Spellcasting
 + Level 4.6 Conjurations


You had 8 spell levels left.
You knew the following spells:

 Your Spells              Type           Power      Damage    Failure   Level
a - Kiss of Death         Conj/Necr      32%        2d7       11%         1

Your spell library contained the following spells:

 Spells                   Type           Power      Damage    Failure   Level
 Momentum Strike          Conj/Tloc      16%        3d8       17%         2
 Hailstorm                Conj/Ice       8%         3d4       32%         3


Dungeon Overview and Level Annotations

Branches:
Dungeon (5/15)
 Temple: D:4-7

Altars:

Shops:
D:2 *[:


Innate Abilities, Weirdness & Mutations

You have a beak for a mouth.
You have claws for feet.
Your magical nature lets you fly swiftly and evasively.


Message History

A white imp comes into view.
The white imp shouts, "Out, out, thou erky toot-wallowing bandersnitch!"
The white imp gestures at you. The puff of frost hits you!
The white imp hits you but does no damage.
You closely miss the white imp.
You peck the white imp, but do no damage.
The white imp gestures at you. The puff of frost misses you.
You closely miss the white imp. You claw the white imp.
The white imp is moderately wounded.
The white imp barely misses you.
You hit the white imp but do no damage.
You claw the white imp, but do no damage.
Your peck misses the white imp.
The white imp is lightly wounded.
The white imp gestures at you. The puff of frost hits you!
You hit the white imp. You claw the white imp.
The white imp is heavily wounded.
You hit the white imp. You claw the white imp. Your punch misses the white imp.
The white imp is almost dead.
The white imp hits you but does no damage.
You hit the white imp.
You kill the white imp!
Your butterfly disappears in a burst of colours!
An ice beast is nearby!
An ice beast is nearby!
You hit the ice beast but do no damage. Your kick misses the ice beast.
Your peck misses the ice beast. The ice beast hits you.
The ice beast freezes you!
You closely miss the ice beast. The ice beast barely misses you.
You closely miss the ice beast.
You claw the ice beast, but do no damage.
The ice beast hits you. The ice beast freezes you!
* * * LOW HITPOINT WARNING * * *
You hit the ice beast but do no damage. The ice beast hits you.
* * * LOW HITPOINT WARNING * * *
The ice beast freezes you!
You die...

#.........).....#.....
#..##......#.##....###
..... #......#.##.#..#
#..#.. #......#.##.#..#
#. #.. #......#.##.#..##
# #.. #......#.##.#...#
#.. #......#.......>#
#.. #Y#.##.####.##.### .
#@#.##.# #.##....
##..##.#.##.####.##.###
#.......................
.#.................#.###
.....##.#.#..####....#
.....................###
........................
.#......................
#.#.####.#...####.#.###


You could see an ice beast.

Vanquished Creatures
  A phantom (D:4)
  2 hounds
  A jelly (D:4)
  An iguana (D:2)
  7 adders
  A white imp (D:5)
  2 dart slugs
  4 orcs (D:4)
  4 ball pythons
  3 endoplasms
  3 giant cockroaches
  7 goblins
  9 hobgoblins
  4 jackals (D:2)
  8 kobolds
  3 quokkas
  3 frilled lizards
  2 rats (D:3)
65 creatures vanquished.

Vanquished Creatures (others)
  3 plants (D:1)
3 creatures vanquished.

Grand Total: 68 creatures vanquished

Notes
Turn   | Place    | Note
-------+----------+-------------------------------------------
     0 | D:1      | Sheero the Tengu Reaver began the quest for the Orb.
     0 | D:1      | Reached XP level 1. HP: 12/12 MP: 4/4
   474 | D:1      | Reached XP level 2. HP: 11/17 MP: 6/6
  1140 | D:2      | Reached skill level 4 in Polearms
  1227 | D:2      | Found Osaxonig's General Store.
  1290 | D:2      | Reached XP level 3. HP: 21/21 MP: 7/7
  1443 | D:2      | Reached XP level 4. HP: 17/26 MP: 8/8
  1488 | D:2      | Found Zejaroesh's Armour Shoppe.
  1496 | D:2      | Bought a +0 pair of boots for 45 gold pieces
  1849 | D:2      | Found Beojur's Book Shop.
  2596 | D:3      | Reached skill level 1 in Armour
  3107 | D:4      | Gained mutation: Your magical nature lets you fly swiftly
                  | and evasively. [Tengu growth]
  3107 | D:4      | Reached XP level 5. HP: 31/31 MP: 9/9
  3141 | D:4      | Noticed a phantom
  3181 | D:4      | Killed a phantom
  3182 | D:4      | Reached skill level 5 in Polearms
  3316 | D:4      | Reached XP level 6. HP: 26/36 MP: 10/10
  3681 | D:4      | Reached skill level 1 in Maces & Flails
  3681 | D:4      | Reached skill level 1 in Stealth
  3962 | D:5      | Entered Level 5 of the Dungeon
  4113 | D:5      | Noticed an ice beast
  4182 | D:5      | Slain by an ice beast

Illustrated notes

Levels and vault maps discovered:
D:1:      scummos_arrival_checkerplants, layout_loops_corners, serial_forest,
          infiniplex_forest_lined_corner, infiniplex_forest_corner_2,
          infiniplex_forest_clump_double, infiniplex_forest_lined_corner,
          infiniplex_forest_clump_C, infiniplex_forest_clump_double,
          infiniplex_forest_clump_diagonal, solitary_fountain
D:2:      layout_basic, serial_shops, nicolae_shop_trees,
          nicolae_shop_behind_doors, shop
D:3:      layout_basic
D:4:      layout_basic, grunt_ministairs_5
D:5:      layout_basic, gammafunk_ghost_nasty_kobolds,
          kennysheep_generic_room_12

Skill      XL: |  1  2  3  4  5  6 |
---------------+-------------------+-----
Polearms       | 4 5 |  5.5
Armour         | 1 2 |  2.8
Maces & Flails | 1 |  1.2
Dodging        | 3 |  3.0
Stealth        | 1 |  1.1
Fighting       | |  2.7
Spellcasting   | |  2.0
Conjurations   | |  4.6

Action                     |  1- 3 |  4- 6 || total
---------------------------+-------+-------++-------
  Melee: Spear             |    64 |   131 ||   195
         Kick              |    17 |    41 ||    58
         Peck              |    13 |    21 ||    34
         Punch             |     1 |     1 ||     2
         Whip              |       |    34 ||    34
   Cast: Kiss of Death     |       |     1 ||     1
    Use: Scroll            |     1 |     4 ||     5
 Armour: Leather armour    |    12 |    29 ||    41
  Dodge: Dodged            |    32 |    85 ||   117

Table legend: (Time is in decaauts)
 A = Elapsed time spent in this place.
 B = Non-inter-level travel time spent in this place.
 C = Inter-level travel time spent in this place.
 D = Time resting spent in this place.
 E = Time spent auto-exploring this place.
 F = Levels seen in this place.
 G = Mean time per level.
                   A        B        C        D        E       F      G
               +--------+--------+--------+--------+--------+-----+--------+
         Total |   4085 |   3173 |    912 |      0 |   2611 |   5 |  817.0 |
       Dungeon |   4085 |   3173 |    912 |      0 |   2611 |   5 |  817.0 |
               +--------+--------+--------+--------+--------+-----+--------+

Top non-repeatable levels by time:
     D:2: 1062 daAuts
     D:3: 1046 daAuts
     D:4: 947 daAuts
     D:1: 828 daAuts
     D:5: 200 daAuts
